AoeStats
← [Fx、]AirDk

Nomad

509958498Analyzed
4v4 RM · 2d ago on Sep 28, 2026· 53m 52s· 8 players
Game mode
Random Map
Map size
231×231
Population
200
Speed
Normal
Resources
Standard
Victory
Conquest
Starting age
Dark Age
Ending age
Imperial Age
RankedLock teamsTeams togetherTeam positionsShared explorationLock speedFull tech treeHidden civsTurbo modeCheats
Victory
Defeat
1591
+13
🇨🇳 Berbers · China
1508
+16
🇨🇦 Italians · Canada
1487
+17
🇪🇸 Koreans · Spain
1474
+19
🇲🇽 Dravidians · Mexico
1544
-17
🇦🇷 Japanese · Argentina
1512
-16
🇺🇾 Saracens · Uruguay
1507
-16
🇦🇷 Mongols · Argentina
1507
-16
OdinsProphet
5:16 Loom
12:59 Feudal Age
17:45 Castle Age
17:05 Town Watch
18:54 Fletching
19:01 Double-Bit Axe
27:47 Wheelbarrow
28:42 Bodkin Arrow
28:45 Horse Collar
38:03 Imperial Age
36:34 Padded Archer Armor
36:51 Bow Saw
37:25 Ballistics
38:04 Gold Mining
38:18 Onager
40:07 Heavy Plow
41:29 Conscription
42:32 Bracer
45:54 Leather Archer Armor
45:54 Forging
45:39 Light Cavalry
46:29 Bloodlines
46:20 Husbandry
47:23 Hussar
48:47 Scale Barding Armor
50:15 Chain Barding Armor
53:19 Thumb Ring
Pelopincho
4:32 Loom
13:25 Feudal Age
14:17 Double-Bit Axe
16:38 Town Watch
20:28 Castle Age
19:07 Fletching
19:11 Gold Mining
19:11 Stone Mining
20:31 Horse Collar
20:35 Crossbowman
22:27 Bow Saw
24:07 Ballistics
23:49 Bodkin Arrow
27:29 Wheelbarrow
29:48 Gold Shaft Mining
31:19 Hand Cart
32:50 Stone Shaft Mining
37:43 Imperial Age
35:58 Heavy Plow
36:04 Eupseong
36:16 Treadmill Crane
36:46 Masonry
36:32 Murder Holes
37:58 Heavy Rocket Cart
39:40 Chemistry
40:16 Two-Man Saw
39:40 Conscription
39:32 Bracer
39:20 Arrowslits
40:06 Architecture
39:42 Siege Engineers
39:36 Capped Ram
41:32 Arbalester
42:18 Thumb Ring
45:35 Scale Mail Armor
45:45 Forging
45:38 Squires
45:08 Elite Fire Lancer
49:58 Chain Mail Armor
50:18 Iron Casting
[Fx、]AirDk
4:36 Loom
13:22 Feudal Age
17:31 Castle Age
16:47 Double-Bit Axe
17:35 Fletching
18:54 Bodkin Arrow
23:55 Padded Archer Armor
25:20 Bow Saw
28:09 Bloodlines
33:09 Husbandry
34:45 Ballistics
35:21 Wheelbarrow
34:29 Horse Collar
37:04 Treadmill Crane
38:19 Gold Mining
40:32 Leather Archer Armor
44:37 Imperial Age
43:06 Heavy Plow
43:53 Stone Mining
45:05 Gold Shaft Mining
45:52 Conscription
45:36 Kasbah
46:16 Bracer
47:20 Chemistry
46:31 Thumb Ring
47:22 Ring Archer Armor
47:53 Elite Camel Archer
48:34 Maghrebi Camels
49:21 Siege Engineers
50:20 Onager
50:22 Capped Ram
53:14 Masonry
54:13 Murder Holes
Kamáximo Décimo Meridio
4:21 Loom
14:38 Feudal Age
18:26 Castle Age
17:06 Double-Bit Axe
17:22 Town Watch
17:18 Horse Collar
20:18 Bow Saw
30:02 Redemption
32:08 Gold Mining
37:00 Ballistics
38:05 Wheelbarrow
38:51 Fortified Wall
41:29 Masonry
46:13 Imperial Age
44:50 Ballistas
45:29 Hand Cart
48:39 Chemistry
48:20 Heavy Scorpion
49:07 Siege Engineers
49:42 Heavy Plow
50:17 Gold Shaft Mining
49:33 Stone Mining
51:05 Conscription
51:06 Scale Barding Armor
51:12 Forging
51:41 Husbandry
51:51 Bloodlines
51:48 Elite Centurion
53:41 Chain Barding Armor
54:25 Iron Casting
[IMGG] oso anti pro
4:41 Loom
11:59 Feudal Age
12:31 Double-Bit Axe
19:44 Town Watch
22:45 Castle Age
22:48 Fishing Lines
23:52 Bow Saw
23:50 Pikeman
24:32 Scale Mail Armor
25:23 Wheelbarrow
25:18 Squires
25:36 Chain Mail Armor
26:29 Hand Cart
31:56 Fletching
32:22 Gillnets
36:46 Gold Mining
38:47 Horse Collar
42:07 Imperial Age
39:32 Stone Mining
39:44 Bodkin Arrow
40:07 Heavy Plow
40:48 Scale Barding Armor
42:01 Chain Barding Armor
42:31 Forging
43:12 Conscription
42:37 Elite Urumi Swordsman
42:44 Siege Elephant
43:36 Arson
43:37 Gambesons
44:24 Plate Mail Armor
45:56 Iron Casting
48:27 Blast Furnace
49:52 Bracer
50:13 Padded Archer Armor
49:36 Elite Skirmisher
51:59 Ballistics
52:40 Chemistry
le ignacio
3:42 Loom
4:15 Loom
14:39 Feudal Age
16:01 Town Watch
16:04 Double-Bit Axe
16:10 Gold Mining
19:15 Stone Mining
21:50 Castle Age
20:48 Fishing Lines
23:03 Bow Saw
23:31 Gold Shaft Mining
23:23 Scale Mail Armor
23:53 Scale Mail Armor
24:04 Forging
25:11 Chain Mail Armor
26:13 Squires
26:04 Gambesons
32:41 Imperial Age
30:48 Horse Collar
32:53 Wheelbarrow
34:24 Plate Mail Armor
34:30 Iron Casting
35:21 Ballistics
37:05 Chemistry
37:25 Hand Cart
37:13 Heavy Plow
38:07 Heavy Scorpion
40:31 Elite Samurai
42:18 Blast Furnace
42:53 Scale Barding Armor
43:45 Conscription
42:51 Cavalier
44:09 Chain Barding Armor
44:01 Bloodlines
43:52 Husbandry
47:57 Siege Engineers
48:46 Fletching
48:57 Padded Archer Armor
48:46 Elite Skirmisher
49:38 Bodkin Arrow
50:52 Leather Archer Armor
50:59 Onager
[GGnT] Nanito_Uy
4:52 Loom
14:57 Feudal Age
18:46 Castle Age
17:29 Fletching
19:04 Crossbowman
19:39 Double-Bit Axe
21:52 Town Watch
22:04 Bodkin Arrow
28:02 Padded Archer Armor
34:54 Scale Barding Armor
37:35 Fishing Lines
39:53 Bloodlines
41:19 Husbandry
43:04 Light Cavalry
45:14 Horse Collar
47:04 Chain Barding Armor
48:00 Wheelbarrow
51:46 Imperial Age
51:33 Hand Cart
51:35 Forging
52:06 Heavy Plow
52:22 Bow Saw
Teutonio
11:26 Feudal Age
12:00 Double-Bit Axe
12:01 Town Watch
12:03 Loom
12:12 Fishing Lines
16:07 Wheelbarrow
19:37 Castle Age
23:02 Gillnets
41:44 Imperial Age
39:29 Stone Mining
40:20 Wheelbarrow
39:58 Bow Saw
39:32 Horse Collar
40:39 Gold Mining
40:52 Heavy Plow
41:03 Husbandry
40:24 Light Cavalry
41:35 Masonry
41:33 Scale Barding Armor
41:39 Forging
41:59 Bloodlines
43:11 Bloodlines
43:22 Chain Barding Armor
44:21 Chemistry
43:50 Ballistics
44:31 Heavy Scorpion
46:50 Drill
47:33 Hand Cart
48:00 Forging
Connection lost

Rejoining the realm…

Still unreachable

The connection could not be restored.

Session expired

The server has moved on; the page needs a fresh start.